Workbook

Sheet Menu
B2: Planilha de Orçamento Empresarial (projeção orçamentária)
B5: =HYPERLINK("https://www.egestor.com.br/afl/11","Controle financeiro, vendas, emissão de notas fiscais eletrônicas e muito mais!") -> Controle financeiro, vendas, emissão de notas fiscais eletrônicas e muito mais!
D6: =HYPERLINK("https://www.egestor.com.br/afl/11","TESTE GRÁTIS") -> TESTE GRÁTIS
C8: Janeiro | D8: Fevereiro | E8: Março
C9: Abril | D9: Maio | E9: Junho
C10: Julho | D10: Agosto | E10: Setembro
C11: Outubro | D11: Novembro | E11: Dezembro
C14: Como usar:
C15: 1. Preencha as colunas de valor planejado para receitas e/ou despesas.
C16: 2. É sugerido inserir cada despesa e receita na sua categoria designada. As categorias podem ser alteradas de acordo com sua necessidade, basta alterar a descrição.
C17: 3. Não preencha os totalizadores. Tanto os do mês quanto os do ano.
C18: 4. Preencha as colunas de receita atual e custo atual com o que já foi recebido ou gasto de fato dentro do orçamento que havia sido planejado.
C19: 5. A coluna de "diferença" vai informar quanto ainda falta para que o valor de cada categoria chegue ao planejado.
C20: 6. Os gráficos, ao final da tabela, também exibem esta mesma informação sobre o total de receita e de despesas. A linha de cima é o total planejado e a de baixo representa quanto deste total já ocorreu.
C21: 7. A aba de total do ano soma todos os meses preenchidos na planilha.

Sheet Janeiro
B1: Planilha de Orçamento Empresarial (projeção orçamentária)
B3: =HYPERLINK("https://www.egestor.com.br","Teste grátis! Controle financeiro, emissão de notas fiscais eletrônicas e muito mais!") -> Teste grátis! Controle financeiro, emissão de notas fiscais eletrônicas e muito mais!
B5: RECEITA (+)
B6: Categoria | D6: Valor planejado (orçado) | E6: Realizado | F6: Diferença
B7: Venda de produtos | D7: 22000 | E7: 16000 | F7: =D7-E7 -> 6000
B8: Prestação de serviços | D8: 2500 | E8: 1700 | F8: =D8-E8 -> 800
B9: Retorno de investimento | D9: 7000 | E9: 7000 | F9: =D9-E9 -> 0
B10: Total | D10: =SUM(D7:D9) -> 31500 | E10: =SUM(E7:E9) -> 24700 | F10: =SUM(F7:F9) -> 6800
B13: DESPESAS (-)
B14: Categoria | D14: Valor planejado (orçado) | E14: Custo atual | F14: Diferença
B15: Terceirização de serviços | D15: 160 | E15: 120 | F15: =D15-E15 -> 40
B16: Aluguel | D16: 2200 | E16: 2200 | F16: =D16-E16 -> 0
B17: Luz | D17: 250 | E17: 180 | F17: =D17-E17 -> 70
B18: Telefone e internet | D18: 120 | E18: 120 | F18: =D18-E18 -> 0
B19: Tributação | D19: 54.9 | E19: 54.9 | F19: =D19-E19 -> 0
B20: Depreciação | D20: 0 | E20: 0 | F20: =D20-E20 -> 0
B21: Software e licenças | D21: 600 | E21: 600 | F21: =D21-E21 -> 0
B22: Transporte e hospedagem | D22: 200 | E22: 0 | F22: =D22-E22 -> 200
B23: Equipamentos | D23: 300 | E23: 120 | F23: =D23-E23 -> 180
B24: Fornecedores | D24: 16000 | E24: 8 | F24: =D24-E24 -> 15992
B25: Salários | D25: 7000 | E25: 7000 | F25: =D25-E25 -> 0
B26: Pró-labore | D26: 2500 | E26: 2500 | F26: =D26-E26 -> 0
B27: Outras despesas | D27: 500 | E27: 140 | F27: =D27-E27 -> 360
B28: Total | D28: =SUM(D15:D27) -> 29884.9 | E28: =SUM(E15:E27) -> 13042.9 | F28: =SUM(F15:F27) -> 16842
B31: Valores abaixo preenchidos automaticamente. Não preencher.
B32: Totalizadores (não preencher): | D32: Valor planejado (orçado) | E32: Valor atual | F32: Balanço
B34: Receita total | D34: =D10 -> 31500 | E34: =E10 -> 24700 | F34: =F10 -> 6800
B35: Despesa total | D35: =D28 -> 29884.9 | E35: =E28 -> 13042.9 | F35: =F28 -> 16842
B38: Gráfico de planejamento/valor atual

Sheet Fevereiro
B1: Planilha de Orçamento Empresarial (projeção orçamentária)
B3: =HYPERLINK("https://www.egestor.com.br","Teste grátis! Controle financeiro, emissão de notas fiscais eletrônicas e muito mais!") -> Teste grátis! Controle financeiro, emissão de notas fiscais eletrônicas e muito mais!
B5: RECEITA (+)
B6: Categoria | D6: Valor planejado (orçado) | E6: Realizado | F6: Diferença
B7: Venda de produtos | D7: 22000 | E7: 16000 | F7: =D7-E7 -> 6000
B8: Prestação de serviços | D8: 2500 | E8: 1700 | F8: =D8-E8 -> 800
B9: Retorno de investimento | D9: 7000 | E9: 7000 | F9: =D9-E9 -> 0
B10: Total | D10: =SUM(D7:D9) -> 31500 | E10: =SUM(E7:E9) -> 24700 | F10: =SUM(F7:F9) -> 6800
B13: DESPESAS (-)
B14: Categoria | D14: Valor planejado (orçado) | E14: Custo atual | F14: Diferença
B15: Terceirização de serviços | D15: 160 | E15: 120 | F15: =D15-E15 -> 40
B16: Aluguel | D16: 2200 | E16: 2200 | F16: =D16-E16 -> 0
B17: Luz | D17: 250 | E17: 180 | F17: =D17-E17 -> 70
B18: Telefone e internet | D18: 120 | E18: 120 | F18: =D18-E18 -> 0
B19: Tributação | D19: 54.9 | E19: 54.9 | F19: =D19-E19 -> 0
B20: Depreciação | D20: 0 | E20: 0 | F20: =D20-E20 -> 0
B21: Software e licenças | D21: 600 | E21: 600 | F21: =D21-E21 -> 0
B22: Transporte e hospedagem | D22: 200 | E22: 650 | F22: =D22-E22 -> -450
B23: Equipamentos | D23: 300 | E23: 120 | F23: =D23-E23 -> 180
B24: Fornecedores | D24: 16000 | E24: 8 | F24: =D24-E24 -> 15992
B25: Salários | D25: 7000 | E25: 7000 | F25: =D25-E25 -> 0
B26: Pró-labore | D26: 2500 | E26: 2500 | F26: =D26-E26 -> 0
B27: Outras despesas | D27: 500 | E27: 140 | F27: =D27-E27 -> 360
B28: Total | D28: =SUM(D15:D27) -> 29884.9 | E28: =SUM(E15:E27) -> 13692.9 | F28: =SUM(F15:F27) -> 16192
B31: Valores abaixo preenchidos automaticamente. Não preencher.
B32: Totalizadores (não preencher): | D32: Valor planejado (orçado) | E32: Valor atual | F32: Balanço
B34: Receita total | D34: =D10 -> 31500 | E34: =E10 -> 24700 | F34: =F10 -> 6800
B35: Despesa total | D35: =D28 -> 29884.9 | E35: =E28 -> 13692.9 | F35: =F28 -> 16192
B38: Gráfico de planejamento/valor atual

Sheet Março
B1: Planilha de Orçamento Empresarial (projeção orçamentária)
B3: =HYPERLINK("https://www.egestor.com.br","Teste grátis! Controle financeiro, emissão de notas fiscais eletrônicas e muito mais!") -> Teste grátis! Controle financeiro, emissão de notas fiscais eletrônicas e muito mais!
B5: RECEITA (+)
B6: Categoria | D6: Valor planejado (orçado) | E6: Realizado | F6: Diferença
B7: Venda de produtos | D7: 22000 | E7: 16000 | F7: =D7-E7 -> 6000
B8: Prestação de serviços | D8: 2500 | E8: 1700 | F8: =D8-E8 -> 800
B9: Retorno de investimento | D9: 7000 | E9: 7000 | F9: =D9-E9 -> 0
B10: Total | D10: =SUM(D7:D9) -> 31500 | E10: =SUM(E7:E9) -> 24700 | F10: =SUM(F7:F9) -> 6800
B13: DESPESAS (-)
B14: Categoria | D14: Valor planejado (orçado) | E14: Custo atual | F14: Diferença
B15: Terceirização de serviços | D15: 160 | E15: 120 | F15: =D15-E15 -> 40
B16: Aluguel | D16: 2200 | E16: 2200 | F16: =D16-E16 -> 0
B17: Luz | D17: 250 | E17: 180 | F17: =D17-E17 -> 70
B18: Telefone e internet | D18: 120 | E18: 120 | F18: =D18-E18 -> 0
B19: Tributação | D19: 54.9 | E19: 54.9 | F19: =D19-E19 -> 0
B20: Depreciação | D20: 0 | E20: 0 | F20: =D20-E20 -> 0
B21: Software e licenças | D21: 600 | E21: 600 | F21: =D21-E21 -> 0
B22: Transporte e hospedagem | D22: 200 | E22: 0 | F22: =D22-E22 -> 200
B23: Equipamentos | D23: 300 | E23: 120 | F23: =D23-E23 -> 180
B24: Fornecedores | D24: 16000 | E24: 8 | F24: =D24-E24 -> 15992
B25: Salários | D25: 7000 | E25: 7000 | F25: =D25-E25 -> 0
B26: Pró-labore | D26: 2500 | E26: 2500 | F26: =D26-E26 -> 0
B27: Outras despesas | D27: 500 | E27: 140 | F27: =D27-E27 -> 360
B28: Total | D28: =SUM(D15:D27) -> 29884.9 | E28: =SUM(E15:E27) -> 13042.9 | F28: =SUM(F15:F27) -> 16842
B31: Valores abaixo preenchidos automaticamente. Não preencher.
B32: Totalizadores (não preencher): | D32: Valor planejado (orçado) | E32: Valor atual | F32: Balanço
B34: Receita total | D34: =D10 -> 31500 | E34: =E10 -> 24700 | F34: =F10 -> 6800
B35: Despesa total | D35: =D28 -> 29884.9 | E35: =E28 -> 13042.9 | F35: =F28 -> 16842
B38: Gráfico de planejamento/valor atual

Sheet Abril
B1: Planilha de Orçamento Empresarial (projeção orçamentária)
B3: =HYPERLINK("https://www.egestor.com.br","Teste grátis! Controle financeiro, emissão de notas fiscais eletrônicas e muito mais!") -> Teste grátis! Controle financeiro, emissão de notas fiscais eletrônicas e muito mais!
B5: RECEITA (+)
B6: Categoria | D6: Valor planejado (orçado) | E6: Realizado | F6: Diferença
B7: Venda de produtos | D7: 22000 | E7: 16000 | F7: =D7-E7 -> 6000
B8: Prestação de serviços | D8: 2500 | E8: 1700 | F8: =D8-E8 -> 800
B9: Retorno de investimento | D9: 7000 | E9: 7000 | F9: =D9-E9 -> 0
B10: Total | D10: =SUM(D7:D9) -> 31500 | E10: =SUM(E7:E9) -> 24700 | F10: =SUM(F7:F9) -> 6800
B13: DESPESAS (-)
B14: Categoria | D14: Valor planejado (orçado) | E14: Custo atual | F14: Diferença
B15: Terceirização de serviços | D15: 160 | E15: 120 | F15: =D15-E15 -> 40
B16: Aluguel | D16: 2200 | E16: 2200 | F16: =D16-E16 -> 0
B17: Luz | D17: 250 | E17: 180 | F17: =D17-E17 -> 70
B18: Telefone e internet | D18: 120 | E18: 120 | F18: =D18-E18 -> 0
B19: Tributação | D19: 54.9 | E19: 54.9 | F19: =D19-E19 -> 0
B20: Depreciação | D20: 0 | E20: 0 | F20: =D20-E20 -> 0
B21: Software e licenças | D21: 600 | E21: 600 | F21: =D21-E21 -> 0
B22: Transporte e hospedagem | D22: 200 | E22: 0 | F22: =D22-E22 -> 200
B23: Equipamentos | D23: 300 | E23: 120 | F23: =D23-E23 -> 180
B24: Fornecedores | D24: 16000 | E24: 8 | F24: =D24-E24 -> 15992
B25: Salários | D25: 7000 | E25: 7000 | F25: =D25-E25 -> 0
B26: Pró-labore | D26: 2500 | E26: 2500 | F26: =D26-E26 -> 0
B27: Outras despesas | D27: 500 | E27: 140 | F27: =D27-E27 -> 360
B28: Total | D28: =SUM(D15:D27) -> 29884.9 | E28: =SUM(E15:E27) -> 13042.9 | F28: =SUM(F15:F27) -> 16842
B31: Valores abaixo preenchidos automaticamente. Não preencher.
B32: Totalizadores (não preencher): | D32: Valor planejado (orçado) | E32: Valor atual | F32: Balanço
B34: Receita total | D34: =D10 -> 31500 | E34: =E10 -> 24700 | F34: =F10 -> 6800
B35: Despesa total | D35: =D28 -> 29884.9 | E35: =E28 -> 13042.9 | F35: =F28 -> 16842
B38: Gráfico de planejamento/valor atual

Sheet Maio
B1: Planilha de Orçamento Empresarial (projeção orçamentária)
B3: =HYPERLINK("https://www.egestor.com.br","Teste grátis! Controle financeiro, emissão de notas fiscais eletrônicas e muito mais!") -> Teste grátis! Controle financeiro, emissão de notas fiscais eletrônicas e muito mais!
B5: RECEITA (+)
B6: Categoria | D6: Valor planejado (orçado) | E6: Realizado | F6: Diferença
B7: Venda de produtos | D7: 22000 | E7: 16000 | F7: =D7-E7 -> 6000
B8: Prestação de serviços | D8: 2500 | E8: 1700 | F8: =D8-E8 -> 800
B9: Retorno de investimento | D9: 7000 | E9: 7000 | F9: =D9-E9 -> 0
B10: Total | D10: =SUM(D7:D9) -> 31500 | E10: =SUM(E7:E9) -> 24700 | F10: =SUM(F7:F9) -> 6800
B13: DESPESAS (-)
B14: Categoria | D14: Valor planejado (orçado) | E14: Custo atual | F14: Diferença
B15: Terceirização de serviços | D15: 160 | E15: 120 | F15: =D15-E15 -> 40
B16: Aluguel | D16: 2200 | E16: 2200 | F16: =D16-E16 -> 0
B17: Luz | D17: 250 | E17: 180 | F17: =D17-E17 -> 70
B18: Telefone e internet | D18: 120 | E18: 120 | F18: =D18-E18 -> 0
B19: Tributação | D19: 54.9 | E19: 54.9 | F19: =D19-E19 -> 0
B20: Depreciação | D20: 0 | E20: 0 | F20: =D20-E20 -> 0
B21: Software e licenças | D21: 600 | E21: 600 | F21: =D21-E21 -> 0
B22: Transporte e hospedagem | D22: 200 | E22: 0 | F22: =D22-E22 -> 200
B23: Equipamentos | D23: 300 | E23: 120 | F23: =D23-E23 -> 180
B24: Fornecedores | D24: 16000 | E24: 8 | F24: =D24-E24 -> 15992
B25: Salários | D25: 7000 | E25: 7000 | F25: =D25-E25 -> 0
B26: Pró-labore | D26: 2500 | E26: 2500 | F26: =D26-E26 -> 0
B27: Outras despesas | D27: 500 | E27: 140 | F27: =D27-E27 -> 360
B28: Total | D28: =SUM(D15:D27) -> 29884.9 | E28: =SUM(E15:E27) -> 13042.9 | F28: =SUM(F15:F27) -> 16842
B31: Valores abaixo preenchidos automaticamente. Não preencher.
B32: Totalizadores (não preencher): | D32: Valor planejado (orçado) | E32: Valor atual | F32: Balanço
B34: Receita total | D34: =D10 -> 31500 | E34: =E10 -> 24700 | F34: =F10 -> 6800
B35: Despesa total | D35: =D28 -> 29884.9 | E35: =E28 -> 13042.9 | F35: =F28 -> 16842
B38: Gráfico de planejamento/valor atual

Sheet Junho
B1: Planilha de Orçamento Empresarial (projeção orçamentária)
B3: =HYPERLINK("https://www.egestor.com.br","Teste grátis! Controle financeiro, emissão de notas fiscais eletrônicas e muito mais!") -> Teste grátis! Controle financeiro, emissão de notas fiscais eletrônicas e muito mais!
B5: RECEITA (+)
B6: Categoria | D6: Valor planejado (orçado) | E6: Realizado | F6: Diferença
B7: Venda de produtos | D7: 22000 | E7: 16000 | F7: =D7-E7 -> 6000
B8: Prestação de serviços | D8: 2500 | E8: 1700 | F8: =D8-E8 -> 800
B9: Retorno de investimento | D9: 7000 | E9: 7000 | F9: =D9-E9 -> 0
B10: Total | D10: =SUM(D7:D9) -> 31500 | E10: =SUM(E7:E9) -> 24700 | F10: =SUM(F7:F9) -> 6800
B13: DESPESAS (-)
B14: Categoria | D14: Valor planejado (orçado) | E14: Custo atual | F14: Diferença
B15: Terceirização de serviços | D15: 160 | E15: 120 | F15: =D15-E15 -> 40
B16: Aluguel | D16: 2200 | E16: 2200 | F16: =D16-E16 -> 0
B17: Luz | D17: 250 | E17: 180 | F17: =D17-E17 -> 70
B18: Telefone e internet | D18: 120 | E18: 120 | F18: =D18-E18 -> 0
B19: Tributação | D19: 54.9 | E19: 54.9 | F19: =D19-E19 -> 0
B20: Depreciação | D20: 0 | E20: 0 | F20: =D20-E20 -> 0
B21: Software e licenças | D21: 600 | E21: 600 | F21: =D21-E21 -> 0
B22: Transporte e hospedagem | D22: 200 | E22: 0 | F22: =D22-E22 -> 200
B23: Equipamentos | D23: 300 | E23: 120 | F23: =D23-E23 -> 180
B24: Fornecedores | D24: 16000 | E24: 8 | F24: =D24-E24 -> 15992
B25: Salários | D25: 7000 | E25: 7000 | F25: =D25-E25 -> 0
B26: Pró-labore | D26: 2500 | E26: 2500 | F26: =D26-E26 -> 0
B27: Outras despesas | D27: 500 | E27: 140 | F27: =D27-E27 -> 360
B28: Total | D28: =SUM(D15:D27) -> 29884.9 | E28: =SUM(E15:E27) -> 13042.9 | F28: =SUM(F15:F27) -> 16842
B31: Valores abaixo preenchidos automaticamente. Não preencher.
B32: Totalizadores (não preencher): | D32: Valor planejado (orçado) | E32: Valor atual | F32: Balanço
B34: Receita total | D34: =D10 -> 31500 | E34: =E10 -> 24700 | F34: =F10 -> 6800
B35: Despesa total | D35: =D28 -> 29884.9 | E35: =E28 -> 13042.9 | F35: =F28 -> 16842
B38: Gráfico de planejamento/valor atual

Sheet Julho
B1: Planilha de Orçamento Empresarial (projeção orçamentária)
B3: =HYPERLINK("https://www.egestor.com.br","Teste grátis! Controle financeiro, emissão de notas fiscais eletrônicas e muito mais!") -> Teste grátis! Controle financeiro, emissão de notas fiscais eletrônicas e muito mais!
B5: RECEITA (+)
B6: Categoria | D6: Valor planejado (orçado) | E6: Realizado | F6: Diferença
B7: Venda de produtos | D7: 22000 | E7: 16000 | F7: =D7-E7 -> 6000
B8: Prestação de serviços | D8: 2500 | E8: 1700 | F8: =D8-E8 -> 800
B9: Retorno de investimento | D9: 7000 | E9: 7000 | F9: =D9-E9 -> 0
B10: Total | D10: =SUM(D7:D9) -> 31500 | E10: =SUM(E7:E9) -> 24700 | F10: =SUM(F7:F9) -> 6800
B13: DESPESAS (-)
B14: Categoria | D14: Valor planejado (orçado) | E14: Custo atual | F14: Diferença
B15: Terceirização de serviços | D15: 160 | E15: 120 | F15: =D15-E15 -> 40
B16: Aluguel | D16: 2200 | E16: 2200 | F16: =D16-E16 -> 0
B17: Luz | D17: 250 | E17: 180 | F17: =D17-E17 -> 70
B18: Telefone e internet | D18: 120 | E18: 120 | F18: =D18-E18 -> 0
B19: Tributação | D19: 54.9 | E19: 54.9 | F19: =D19-E19 -> 0
B20: Depreciação | D20: 0 | E20: 0 | F20: =D20-E20 -> 0
B21: Software e licenças | D21: 600 | E21: 600 | F21: =D21-E21 -> 0
B22: Transporte e hospedagem | D22: 200 | E22: 0 | F22: =D22-E22 -> 200
B23: Equipamentos | D23: 300 | E23: 120 | F23: =D23-E23 -> 180
B24: Fornecedores | D24: 16000 | E24: 8 | F24: =D24-E24 -> 15992
B25: Salários | D25: 7000 | E25: 7000 | F25: =D25-E25 -> 0
B26: Pró-labore | D26: 2500 | E26: 2500 | F26: =D26-E26 -> 0
B27: Outras despesas | D27: 500 | E27: 140 | F27: =D27-E27 -> 360
B28: Total | D28: =SUM(D15:D27) -> 29884.9 | E28: =SUM(E15:E27) -> 13042.9 | F28: =SUM(F15:F27) -> 16842
B31: Valores abaixo preenchidos automaticamente. Não preencher.
B32: Totalizadores (não preencher): | D32: Valor planejado (orçado) | E32: Valor atual | F32: Balanço
B34: Receita total | D34: =D10 -> 31500 | E34: =E10 -> 24700 | F34: =F10 -> 6800
B35: Despesa total | D35: =D28 -> 29884.9 | E35: =E28 -> 13042.9 | F35: =F28 -> 16842
B38: Gráfico de planejamento/valor atual

Sheet Agosto
B1: Planilha de Orçamento Empresarial (projeção orçamentária)
B3: =HYPERLINK("https://www.egestor.com.br","Teste grátis! Controle financeiro, emissão de notas fiscais eletrônicas e muito mais!") -> Teste grátis! Controle financeiro, emissão de notas fiscais eletrônicas e muito mais!
B5: RECEITA (+)
B6: Categoria | D6: Valor planejado (orçado) | E6: Realizado | F6: Diferença
B7: Venda de produtos | D7: 22000 | E7: 16000 | F7: =D7-E7 -> 6000
B8: Prestação de serviços | D8: 2500 | E8: 1700 | F8: =D8-E8 -> 800
B9: Retorno de investimento | D9: 7000 | E9: 7000 | F9: =D9-E9 -> 0
B10: Total | D10: =SUM(D7:D9) -> 31500 | E10: =SUM(E7:E9) -> 24700 | F10: =SUM(F7:F9) -> 6800
B13: DESPESAS (-)
B14: Categoria | D14: Valor planejado (orçado) | E14: Custo atual | F14: Diferença
B15: Terceirização de serviços | D15: 160 | E15: 120 | F15: =D15-E15 -> 40
B16: Aluguel | D16: 2200 | E16: 2200 | F16: =D16-E16 -> 0
B17: Luz | D17: 250 | E17: 180 | F17: =D17-E17 -> 70
B18: Telefone e internet | D18: 120 | E18: 120 | F18: =D18-E18 -> 0
B19: Tributação | D19: 54.9 | E19: 54.9 | F19: =D19-E19 -> 0
B20: Depreciação | D20: 0 | E20: 0 | F20: =D20-E20 -> 0
B21: Software e licenças | D21: 600 | E21: 600 | F21: =D21-E21 -> 0
B22: Transporte e hospedagem | D22: 200 | E22: 0 | F22: =D22-E22 -> 200
B23: Equipamentos | D23: 300 | E23: 120 | F23: =D23-E23 -> 180
B24: Fornecedores | D24: 16000 | E24: 8 | F24: =D24-E24 -> 15992
B25: Salários | D25: 7000 | E25: 7000 | F25: =D25-E25 -> 0
B26: Pró-labore | D26: 2500 | E26: 2500 | F26: =D26-E26 -> 0
B27: Outras despesas | D27: 500 | E27: 140 | F27: =D27-E27 -> 360
B28: Total | D28: =SUM(D15:D27) -> 29884.9 | E28: =SUM(E15:E27) -> 13042.9 | F28: =SUM(F15:F27) -> 16842
B31: Valores abaixo preenchidos automaticamente. Não preencher.
B32: Totalizadores (não preencher): | D32: Valor planejado (orçado) | E32: Valor atual | F32: Balanço
B34: Receita total | D34: =D10 -> 31500 | E34: =E10 -> 24700 | F34: =F10 -> 6800
B35: Despesa total | D35: =D28 -> 29884.9 | E35: =E28 -> 13042.9 | F35: =F28 -> 16842
B38: Gráfico de planejamento/valor atual

Sheet Setembro
B1: Planilha de Orçamento Empresarial (projeção orçamentária)
B3: =HYPERLINK("https://www.egestor.com.br","Teste grátis! Controle financeiro, emissão de notas fiscais eletrônicas e muito mais!") -> Teste grátis! Controle financeiro, emissão de notas fiscais eletrônicas e muito mais!
B5: RECEITA (+)
B6: Categoria | D6: Valor planejado (orçado) | E6: Realizado | F6: Diferença
B7: Venda de produtos | D7: 22000 | E7: 16000 | F7: =D7-E7 -> 6000
B8: Prestação de serviços | D8: 2500 | E8: 1700 | F8: =D8-E8 -> 800
B9: Retorno de investimento | D9: 7000 | E9: 7000 | F9: =D9-E9 -> 0
B10: Total | D10: =SUM(D7:D9) -> 31500 | E10: =SUM(E7:E9) -> 24700 | F10: =SUM(F7:F9) -> 6800
B13: DESPESAS (-)
B14: Categoria | D14: Valor planejado (orçado) | E14: Custo atual | F14: Diferença
B15: Terceirização de serviços | D15: 160 | E15: 120 | F15: =D15-E15 -> 40
B16: Aluguel | D16: 2200 | E16: 2200 | F16: =D16-E16 -> 0
B17: Luz | D17: 250 | E17: 180 | F17: =D17-E17 -> 70
B18: Telefone e internet | D18: 120 | E18: 120 | F18: =D18-E18 -> 0
B19: Tributação | D19: 54.9 | E19: 54.9 | F19: =D19-E19 -> 0
B20: Depreciação | D20: 0 | E20: 0 | F20: =D20-E20 -> 0
B21: Software e licenças | D21: 600 | E21: 600 | F21: =D21-E21 -> 0
B22: Transporte e hospedagem | D22: 200 | E22: 0 | F22: =D22-E22 -> 200
B23: Equipamentos | D23: 300 | E23: 120 | F23: =D23-E23 -> 180
B24: Fornecedores | D24: 16000 | E24: 8 | F24: =D24-E24 -> 15992
B25: Salários | D25: 7000 | E25: 7000 | F25: =D25-E25 -> 0
B26: Pró-labore | D26: 2500 | E26: 2500 | F26: =D26-E26 -> 0
B27: Outras despesas | D27: 500 | E27: 140 | F27: =D27-E27 -> 360
B28: Total | D28: =SUM(D15:D27) -> 29884.9 | E28: =SUM(E15:E27) -> 13042.9 | F28: =SUM(F15:F27) -> 16842
B31: Valores abaixo preenchidos automaticamente. Não preencher.
B32: Totalizadores (não preencher): | D32: Valor planejado (orçado) | E32: Valor atual | F32: Balanço
B34: Receita total | D34: =D10 -> 31500 | E34: =E10 -> 24700 | F34: =F10 -> 6800
B35: Despesa total | D35: =D28 -> 29884.9 | E35: =E28 -> 13042.9 | F35: =F28 -> 16842
B38: Gráfico de planejamento/valor atual

Sheet Outubro
B1: Planilha de Orçamento Empresarial (projeção orçamentária)
B3: =HYPERLINK("https://www.egestor.com.br","Teste grátis! Controle financeiro, emissão de notas fiscais eletrônicas e muito mais!") -> Teste grátis! Controle financeiro, emissão de notas fiscais eletrônicas e muito mais!
B5: RECEITA (+)
B6: Categoria | D6: Valor planejado (orçado) | E6: Realizado | F6: Diferença
B7: Venda de produtos | D7: 22000 | E7: 16000 | F7: =D7-E7 -> 6000
B8: Prestação de serviços | D8: 2500 | E8: 1700 | F8: =D8-E8 -> 800
B9: Retorno de investimento | D9: 7000 | E9: 7000 | F9: =D9-E9 -> 0
B10: Total | D10: =SUM(D7:D9) -> 31500 | E10: =SUM(E7:E9) -> 24700 | F10: =SUM(F7:F9) -> 6800
B13: DESPESAS (-)
B14: Categoria | D14: Valor planejado (orçado) | E14: Custo atual | F14: Diferença
B15: Terceirização de serviços | D15: 160 | E15: 120 | F15: =D15-E15 -> 40
B16: Aluguel | D16: 2200 | E16: 2200 | F16: =D16-E16 -> 0
B17: Luz | D17: 250 | E17: 180 | F17: =D17-E17 -> 70
B18: Telefone e internet | D18: 120 | E18: 120 | F18: =D18-E18 -> 0
B19: Tributação | D19: 54.9 | E19: 54.9 | F19: =D19-E19 -> 0
B20: Depreciação | D20: 0 | E20: 0 | F20: =D20-E20 -> 0
B21: Software e licenças | D21: 600 | E21: 600 | F21: =D21-E21 -> 0
B22: Transporte e hospedagem | D22: 200 | E22: 0 | F22: =D22-E22 -> 200
B23: Equipamentos | D23: 300 | E23: 120 | F23: =D23-E23 -> 180
B24: Fornecedores | D24: 16000 | E24: 8 | F24: =D24-E24 -> 15992
B25: Salários | D25: 7000 | E25: 7000 | F25: =D25-E25 -> 0
B26: Pró-labore | D26: 2500 | E26: 2500 | F26: =D26-E26 -> 0
B27: Outras despesas | D27: 500 | E27: 140 | F27: =D27-E27 -> 360
B28: Total | D28: =SUM(D15:D27) -> 29884.9 | E28: =SUM(E15:E27) -> 13042.9 | F28: =SUM(F15:F27) -> 16842
B31: Valores abaixo preenchidos automaticamente. Não preencher.
B32: Totalizadores (não preencher): | D32: Valor planejado (orçado) | E32: Valor atual | F32: Balanço
B34: Receita total | D34: =D10 -> 31500 | E34: =E10 -> 24700 | F34: =F10 -> 6800
B35: Despesa total | D35: =D28 -> 29884.9 | E35: =E28 -> 13042.9 | F35: =F28 -> 16842
B38: Gráfico de planejamento/valor atual

Sheet Novembro
B1: Planilha de Orçamento Empresarial (projeção orçamentária)
B3: =HYPERLINK("https://www.egestor.com.br","Teste grátis! Controle financeiro, emissão de notas fiscais eletrônicas e muito mais!") -> Teste grátis! Controle financeiro, emissão de notas fiscais eletrônicas e muito mais!
B5: RECEITA (+)
B6: Categoria | D6: Valor planejado (orçado) | E6: Realizado | F6: Diferença
B7: Venda de produtos | D7: 22000 | E7: 16000 | F7: =D7-E7 -> 6000
B8: Prestação de serviços | D8: 2500 | E8: 1700 | F8: =D8-E8 -> 800
B9: Retorno de investimento | D9: 7000 | E9: 7000 | F9: =D9-E9 -> 0
B10: Total | D10: =SUM(D7:D9) -> 31500 | E10: =SUM(E7:E9) -> 24700 | F10: =SUM(F7:F9) -> 6800
B13: DESPESAS (-)
B14: Categoria | D14: Valor planejado (orçado) | E14: Custo atual | F14: Diferença
B15: Terceirização de serviços | D15: 160 | E15: 120 | F15: =D15-E15 -> 40
B16: Aluguel | D16: 2200 | E16: 2200 | F16: =D16-E16 -> 0
B17: Luz | D17: 250 | E17: 180 | F17: =D17-E17 -> 70
B18: Telefone e internet | D18: 120 | E18: 120 | F18: =D18-E18 -> 0
B19: Tributação | D19: 54.9 | E19: 54.9 | F19: =D19-E19 -> 0
B20: Depreciação | D20: 0 | E20: 0 | F20: =D20-E20 -> 0
B21: Software e licenças | D21: 600 | E21: 600 | F21: =D21-E21 -> 0
B22: Transporte e hospedagem | D22: 200 | E22: 0 | F22: =D22-E22 -> 200
B23: Equipamentos | D23: 300 | E23: 120 | F23: =D23-E23 -> 180
B24: Fornecedores | D24: 16000 | E24: 8 | F24: =D24-E24 -> 15992
B25: Salários | D25: 7000 | E25: 7000 | F25: =D25-E25 -> 0
B26: Pró-labore | D26: 2500 | E26: 2500 | F26: =D26-E26 -> 0
B27: Outras despesas | D27: 500 | E27: 140 | F27: =D27-E27 -> 360
B28: Total | D28: =SUM(D15:D27) -> 29884.9 | E28: =SUM(E15:E27) -> 13042.9 | F28: =SUM(F15:F27) -> 16842
B31: Valores abaixo preenchidos automaticamente. Não preencher.
B32: Totalizadores (não preencher): | D32: Valor planejado (orçado) | E32: Valor atual | F32: Balanço
B34: Receita total | D34: =D10 -> 31500 | E34: =E10 -> 24700 | F34: =F10 -> 6800
B35: Despesa total | D35: =D28 -> 29884.9 | E35: =E28 -> 13042.9 | F35: =F28 -> 16842
B38: Gráfico de planejamento/valor atual

Sheet Dezembro
B1: Planilha de Orçamento Empresarial (projeção orçamentária)
B3: =HYPERLINK("https://www.egestor.com.br","Teste grátis! Controle financeiro, emissão de notas fiscais eletrônicas e muito mais!") -> Teste grátis! Controle financeiro, emissão de notas fiscais eletrônicas e muito mais!
B5: RECEITA (+)
B6: Categoria | D6: Valor planejado (orçado) | E6: Realizado | F6: Diferença
B7: Venda de produtos | D7: 22000 | E7: 16000 | F7: =D7-E7 -> 6000
B8: Prestação de serviços | D8: 2500 | E8: 1700 | F8: =D8-E8 -> 800
B9: Retorno de investimento | D9: 7000 | E9: 7000 | F9: =D9-E9 -> 0
B10: Total | D10: =SUM(D7:D9) -> 31500 | E10: =SUM(E7:E9) -> 24700 | F10: =SUM(F7:F9) -> 6800
B13: DESPESAS (-)
B14: Categoria | D14: Valor planejado (orçado) | E14: Custo atual | F14: Diferença
B15: Terceirização de serviços | D15: 160 | E15: 120 | F15: =D15-E15 -> 40
B16: Aluguel | D16: 2200 | E16: 2200 | F16: =D16-E16 -> 0
B17: Luz | D17: 250 | E17: 180 | F17: =D17-E17 -> 70
B18: Telefone e internet | D18: 120 | E18: 120 | F18: =D18-E18 -> 0
B19: Tributação | D19: 54.9 | E19: 54.9 | F19: =D19-E19 -> 0
B20: Depreciação | D20: 0 | E20: 0 | F20: =D20-E20 -> 0
B21: Software e licenças | D21: 600 | E21: 600 | F21: =D21-E21 -> 0
B22: Transporte e hospedagem | D22: 200 | E22: 0 | F22: =D22-E22 -> 200
B23: Equipamentos | D23: 300 | E23: 120 | F23: =D23-E23 -> 180
B24: Fornecedores | D24: 16000 | E24: 8 | F24: =D24-E24 -> 15992
B25: Salários | D25: 7000 | E25: 7000 | F25: =D25-E25 -> 0
B26: Pró-labore | D26: 2500 | E26: 2500 | F26: =D26-E26 -> 0
B27: Outras despesas | D27: 500 | E27: 140 | F27: =D27-E27 -> 360
B28: Total | D28: =SUM(D15:D27) -> 29884.9 | E28: =SUM(E15:E27) -> 13042.9 | F28: =SUM(F15:F27) -> 16842
B31: Valores abaixo preenchidos automaticamente. Não preencher.
B32: Totalizadores (não preencher): | D32: Valor planejado (orçado) | E32: Valor atual | F32: Balanço
B34: Receita total | D34: =D10 -> 31500 | E34: =E10 -> 24700 | F34: =F10 -> 6800
B35: Despesa total | D35: =D28 -> 29884.9 | E35: =E28 -> 13042.9 | F35: =F28 -> 16842
B38: Gráfico de planejamento/valor atual

Sheet Total do Ano
B1: Planilha de Orçamento Empresarial (projeção orçamentária)
B3: =HYPERLINK("https://www.egestor.com.br","Teste grátis! Controle financeiro, emissão de notas fiscais eletrônicas e muito mais!") -> Teste grátis! Controle financeiro, emissão de notas fiscais eletrônicas e muito mais!
B5: RECEITA (+)
B6: Categoria | D6: Valor planejado (orçado) | E6: Realizado | F6: Diferença
B7: Venda de produtos | D7: =(Janeiro!D7+Fevereiro!D7+'Março'!D7+Abril!D7+Maio!D7+Junho!D7+Julho!D7+Agosto!D7+Setembro!D7+Outubro!D7+Novembro!D7+Dezembro!D7) -> 264000 | E7: =(Janeiro!E7+Fevereiro!E7+'Março'!E7+Abril!E7+Maio!E7+Junho!E7+Julho!E7+Agosto!E7+Setembro!E7+Outubro!E7+Novembro!E7+Dezembro!E7) -> 192000 | F7: =D7-E7 -> 72000
B8: Prestação de serviços | D8: =(Janeiro!D8+Fevereiro!D8+'Março'!D8+Abril!D8+Maio!D8+Junho!D8+Julho!D8+Agosto!D8+Setembro!D8+Outubro!D8+Novembro!D8+Dezembro!D8) -> 30000 | E8: =(Janeiro!E8+Fevereiro!E8+'Março'!E8+Abril!E8+Maio!E8+Junho!E8+Julho!E8+Agosto!E8+Setembro!E8+Outubro!E8+Novembro!E8+Dezembro!E8) -> 20400 | F8: =D8-E8 -> 9600
B9: Retorno de investimento | D9: =(Janeiro!D9+Fevereiro!D9+'Março'!D9+Abril!D9+Maio!D9+Junho!D9+Julho!D9+Agosto!D9+Setembro!D9+Outubro!D9+Novembro!D9+Dezembro!D9) -> 84000 | E9: =(Janeiro!E9+Fevereiro!E9+'Março'!E9+Abril!E9+Maio!E9+Junho!E9+Julho!E9+Agosto!E9+Setembro!E9+Outubro!E9+Novembro!E9+Dezembro!E9) -> 84000 | F9: =D9-E9 -> 0
B10: Total | D10: =SUM(D7:D9) -> 378000 | E10: =SUM(E7:E9) -> 296400 | F10: =SUM(F7:F9) -> 81600
B13: DESPESAS (-)
B14: Categoria | D14: Valor planejado (orçado) | E14: Custo atual | F14: Diferença
B15: Terceirização de serviços | D15: =(Janeiro!D15+Fevereiro!D15+'Março'!D15+Abril!D15+Maio!D15+Junho!D15+Julho!D15+Agosto!D15+Setembro!D15+Outubro!D15+Novembro!D15+Dezembro!D15) -> 1920 | E15: =(Janeiro!E15+Fevereiro!E15+'Março'!E15+Abril!E15+Maio!E15+Junho!E15+Julho!E15+Agosto!E15+Setembro!E15+Outubro!E15+Novembro!E15+Dezembro!E15) -> 1440 | F15: =D15-E15 -> 480
B16: Aluguel | D16: =(Janeiro!D16+Fevereiro!D16+'Março'!D16+Abril!D16+Maio!D16+Junho!D16+Julho!D16+Agosto!D16+Setembro!D16+Outubro!D16+Novembro!D16+Dezembro!D16) -> 26400 | E16: =(Janeiro!E16+Fevereiro!E16+'Março'!E16+Abril!E16+Maio!E16+Junho!E16+Julho!E16+Agosto!E16+Setembro!E16+Outubro!E16+Novembro!E16+Dezembro!E16) -> 26400 | F16: =D16-E16 -> 0
B17: Luz | D17: =(Janeiro!D17+Fevereiro!D17+'Março'!D17+Abril!D17+Maio!D17+Junho!D17+Julho!D17+Agosto!D17+Setembro!D17+Outubro!D17+Novembro!D17+Dezembro!D17) -> 3000 | E17: =(Janeiro!E17+Fevereiro!E17+'Março'!E17+Abril!E17+Maio!E17+Junho!E17+Julho!E17+Agosto!E17+Setembro!E17+Outubro!E17+Novembro!E17+Dezembro!E17) -> 2160 | F17: =D17-E17 -> 840
B18: Telefone e internet | D18: =(Janeiro!D18+Fevereiro!D18+'Março'!D18+Abril!D18+Maio!D18+Junho!D18+Julho!D18+Agosto!D18+Setembro!D18+Outubro!D18+Novembro!D18+Dezembro!D18) -> 1440 | E18: =(Janeiro!E18+Fevereiro!E18+'Março'!E18+Abril!E18+Maio!E18+Junho!E18+Julho!E18+Agosto!E18+Setembro!E18+Outubro!E18+Novembro!E18+Dezembro!E18) -> 1440 | F18: =D18-E18 -> 0
B19: Tributação | D19: =(Janeiro!D19+Fevereiro!D19+'Março'!D19+Abril!D19+Maio!D19+Junho!D19+Julho!D19+Agosto!D19+Setembro!D19+Outubro!D19+Novembro!D19+Dezembro!D19) -> 658.8 | E19: =(Janeiro!E19+Fevereiro!E19+'Março'!E19+Abril!E19+Maio!E19+Junho!E19+Julho!E19+Agosto!E19+Setembro!E19+Outubro!E19+Novembro!E19+Dezembro!E19) -> 658.8 | F19: =D19-E19 -> 0
B20: Depreciação | D20: =(Janeiro!D20+Fevereiro!D20+'Março'!D20+Abril!D20+Maio!D20+Junho!D20+Julho!D20+Agosto!D20+Setembro!D20+Outubro!D20+Novembro!D20+Dezembro!D20) -> 0 | E20: =(Janeiro!E20+Fevereiro!E20+'Março'!E20+Abril!E20+Maio!E20+Junho!E20+Julho!E20+Agosto!E20+Setembro!E20+Outubro!E20+Novembro!E20+Dezembro!E20) -> 0 | F20: =D20-E20 -> 0
B21: Software e licenças | D21: =(Janeiro!D21+Fevereiro!D21+'Março'!D21+Abril!D21+Maio!D21+Junho!D21+Julho!D21+Agosto!D21+Setembro!D21+Outubro!D21+Novembro!D21+Dezembro!D21) -> 7200 | E21: =(Janeiro!E21+Fevereiro!E21+'Março'!E21+Abril!E21+Maio!E21+Junho!E21+Julho!E21+Agosto!E21+Setembro!E21+Outubro!E21+Novembro!E21+Dezembro!E21) -> 7200 | F21: =D21-E21 -> 0
B22: Transporte e hospedagem | D22: =(Janeiro!D22+Fevereiro!D22+'Março'!D22+Abril!D22+Maio!D22+Junho!D22+Julho!D22+Agosto!D22+Setembro!D22+Outubro!D22+Novembro!D22+Dezembro!D22) -> 2400 | E22: =(Janeiro!E22+Fevereiro!E22+'Março'!E22+Abril!E22+Maio!E22+Junho!E22+Julho!E22+Agosto!E22+Setembro!E22+Outubro!E22+Novembro!E22+Dezembro!E22) -> 650 | F22: =D22-E22 -> 1750
B23: Equipamentos | D23: =(Janeiro!D23+Fevereiro!D23+'Março'!D23+Abril!D23+Maio!D23+Junho!D23+Julho!D23+Agosto!D23+Setembro!D23+Outubro!D23+Novembro!D23+Dezembro!D23) -> 3600 | E23: =(Janeiro!E23+Fevereiro!E23+'Março'!E23+Abril!E23+Maio!E23+Junho!E23+Julho!E23+Agosto!E23+Setembro!E23+Outubro!E23+Novembro!E23+Dezembro!E23) -> 1440 | F23: =D23-E23 -> 2160
B24: Fornecedores | D24: =(Janeiro!D24+Fevereiro!D24+'Março'!D24+Abril!D24+Maio!D24+Junho!D24+Julho!D24+Agosto!D24+Setembro!D24+Outubro!D24+Novembro!D24+Dezembro!D24) -> 192000 | E24: =(Janeiro!E24+Fevereiro!E24+'Março'!E24+Abril!E24+Maio!E24+Junho!E24+Julho!E24+Agosto!E24+Setembro!E24+Outubro!E24+Novembro!E24+Dezembro!E24) -> 96 | F24: =D24-E24 -> 191904
B25: Salários | D25: =(Janeiro!D25+Fevereiro!D25+'Março'!D25+Abril!D25+Maio!D25+Junho!D25+Julho!D25+Agosto!D25+Setembro!D25+Outubro!D25+Novembro!D25+Dezembro!D25) -> 84000 | E25: =(Janeiro!E25+Fevereiro!E25+'Março'!E25+Abril!E25+Maio!E25+Junho!E25+Julho!E25+Agosto!E25+Setembro!E25+Outubro!E25+Novembro!E25+Dezembro!E25) -> 84000 | F25: =D25-E25 -> 0
B26: Pró-labore | D26: =(Janeiro!D26+Fevereiro!D26+'Março'!D26+Abril!D26+Maio!D26+Junho!D26+Julho!D26+Agosto!D26+Setembro!D26+Outubro!D26+Novembro!D26+Dezembro!D26) -> 30000 | E26: =(Janeiro!E26+Fevereiro!E26+'Março'!E26+Abril!E26+Maio!E26+Junho!E26+Julho!E26+Agosto!E26+Setembro!E26+Outubro!E26+Novembro!E26+Dezembro!E26) -> 30000 | F26: =D26-E26 -> 0
B27: Outras despesas | D27: =(Janeiro!D27+Fevereiro!D27+'Março'!D27+Abril!D27+Maio!D27+Junho!D27+Julho!D27+Agosto!D27+Setembro!D27+Outubro!D27+Novembro!D27+Dezembro!D27) -> 6000 | E27: =(Janeiro!E27+Fevereiro!E27+'Março'!E27+Abril!E27+Maio!E27+Junho!E27+Julho!E27+Agosto!E27+Setembro!E27+Outubro!E27+Novembro!E27+Dezembro!E27) -> 1680 | F27: =D27-E27 -> 4320
B28: Total | D28: =SUM(D15:D27) -> 358618.8 | E28: =SUM(E15:E27) -> 157164.8 | F28: =SUM(F15:F27) -> 201454
B31: Valores abaixo preenchidos automaticamente. Não preencher.
B32: Totalizadores (não preencher): | D32: Valor planejado (orçado) | E32: Valor atual | F32: Balanço
B34: Receita total | D34: =(Janeiro!D34+Fevereiro!D34+'Março'!D34+Abril!D34+Maio!D34+Junho!D34+Julho!D34+Agosto!D34+Setembro!D34+Outubro!D34+Novembro!D34+Dezembro!D34) -> 378000 | E34: =(Janeiro!E34+Fevereiro!E34+'Março'!E34+Abril!E34+Maio!E34+Junho!E34+Julho!E34+Agosto!E34+Setembro!E34+Outubro!E34+Novembro!E34+Dezembro!E34) -> 296400 | F34: =F10 -> 81600
B35: Despesa total | D35: =(Janeiro!D35+Fevereiro!D35+'Março'!D35+Abril!D35+Maio!D35+Junho!D35+Julho!D35+Agosto!D35+Setembro!D35+Outubro!D35+Novembro!D35+Dezembro!D35) -> 358618.8 | E35: =(Janeiro!E35+Fevereiro!E35+'Março'!E35+Abril!E35+Maio!E35+Junho!E35+Julho!E35+Agosto!E35+Setembro!E35+Outubro!E35+Novembro!E35+Dezembro!E35) -> 157164.8 | F35: =F28 -> 201454
B38: Gráfico de planejamento/valor atual
